 Dungeon Crawl Stone Soup version 0.26.1-11-gd32895ea62 (webtiles) character file.

Game seed: 4089402064120115846

20944 Dadi the Basher (level 12, -16/108 HPs)
             Began as a Minotaur Fighter on July 16, 2021.
             Was the Champion of Okawaru.
             Demolished by Rupert
             ... wielding a +2 great mace of holy wrath
              (28 damage)
             ... on level 3 of the Lair of Beasts on July 17, 2021.
             The game lasted 00:33:54 (14512 turns).

Dadi the Basher (Minotaur Fighter)                 Turns: 14512, Time: 00:33:54

Health: -16/108    AC:  8    Str: 30    XL:     12   Next: 49%
Magic:  0/17       EV: 18    Int:  7    God:    Okawaru [******]
Gold:   1097       SH:  0    Dex: 13    Spells: 11/11 levels left

rFire    + . .     SeeInvis .   S - +6 great mace "Oluisiuw" {vorpal, rF+ Str+4 Int-5 Dex+3}
rCold    . . .     Faith    .   (shield currently unavailable)
rNeg     + . .     Spirit   +   N - +3 robe of Infinity {rElec rCorr Int+7 Stlth-}
rPois    .         Reflect  .   (helmet restricted)
rElec    +         Harm     .   (no cloak)
rCorr    +         Rampage  .   (no gloves)
Will     .....                  y - +1 pair of boots
Stlth    ..........             g - amulet of guardian spirit
HPRegen  0.28/turn              b - +4 ring of slaying
MPRegen  0.15/turn              L - ring of positive energy

@: finesse, attractive
A: retaliatory headbutt, horns 2
a: Renounce Religion, Heroism, Finesse


You were on level 3 of the Lair of Beasts.
You worshipped Okawaru.
Okawaru was exalted by your worship.
You visited 4 branches of the dungeon, and saw 16 of its levels.

You collected 1097 gold pieces.

Inventory:

Hand Weapons
 w - a +2 vorpal mace
 K - a +3 flail
 S - the +6 great mace "Oluisiuw" (weapon) {vorpal, rF+ Str+4 Int-5 Dex+3}
   (Okawaru gifted it to you on level 9 of the Dungeon)

   It inflicts extra damage upon your enemies.
   It affects your strength (+4).
   It affects your intelligence (-5).
   It affects your dexterity (+3).
   It protects you from fire.
Armour
 y - a +1 pair of boots (worn)
 C - the +8 chain mail "Pado" {*Drain Regen+ Str+4}
   (Okawaru gifted it to you on level 3 of the Lair of Beasts)

   It affects your strength (+4).
   It increases your rate of regeneration.
   It causes draining when unequipped.
 N - the +3 robe of Infinity (worn) {rElec rCorr Int+7 Stlth-}
   (You found it on level 7 of the Dungeon)

   It affects your intelligence (+7).
   It insulates you from electricity.
   It provides partial protection from all sources of acid and corrosion.
   It makes you less stealthy.
 O - the +5 chain mail "Kulituc" {*Contam Harm rC- Str+4}
   (You found it on level 7 of the Dungeon)

   It affects your strength (+4).
   It makes you vulnerable to cold.
   It causes magical contamination when unequipped.
   It increases damage dealt and taken.
 Y - the -5 pair of gloves of Somewhere Else {rC+ rN+ rCorr Str+4}
   (Okawaru gifted it to you on level 1 of the Lair of Beasts)

   It affects your strength (+4).
   It protects you from cold.
   It protects you from negative energy.
   It provides partial protection from all sources of acid and corrosion.
Jewellery
 b - a +4 ring of slaying (left hand)
 c - a cursed ring of teleportation
 g - an amulet of guardian spirit (around neck)
 l - an uncursed ring of magical power
 A - an uncursed ring of ice
 I - an uncursed amulet of the acrobat
 L - a ring of positive energy (right hand)
 P - the ring of Muawif {*Contam rC++ Stlth-}
   (You found it on level 7 of the Dungeon)

   [ring of attention]

   It greatly protects you from cold.
   It causes magical contamination when unequipped.
   It makes you less stealthy.
 U - an uncursed ring of stealth
Wands
 r - a wand of acid (4)
 E - a wand of flame (35)
 F - a wand of polymorph (11)
 G - a wand of random effects (26)
 H - a wand of enslavement (6)
Scrolls
 e - 9 scrolls of teleportation {unknown}
 f - 8 scrolls of identify
 h - 2 scrolls of blinking {unknown}
 i - 4 scrolls of magic mapping {unknown}
 k - 4 scrolls of amnesia {unknown}
 m - 10 scrolls of remove curse {unknown}
 n - 3 scrolls of enchant weapon {unknown}
 o - 3 scrolls of immolation {unknown}
 p - 2 scrolls of fog {unknown}
 q - 8 scrolls of fear {unknown}
 s - a scroll of enchant armour
 t - 5 scrolls of noise {unknown}
 u - 2 scrolls of random uselessness {unknown}
 J - 3 scrolls of vulnerability {unknown}
 M - a scroll of silence {unknown}
 Q - a scroll of summoning {unknown}
Potions
 d - 2 potions of might
 j - 13 potions of degeneration
 v - a potion of lignification
 x - a potion of resistance
 z - 3 potions of magic
 B - a potion of berserk rage {unknown}
 D - a potion of haste
 R - 2 potions of curing
 X - a potion of brilliance {unknown}
Miscellaneous
 a - a condenser vane
 T - a tin of tremorstones (2/2)
 Z - a tin of tremorstones (2/2)


   Skills:
 + Level 10.7 Fighting
 - Level 14.0 Maces & Flails
 - Level 11.0 Armour
 - Level 10.0 Dodging
 - Level 4.9 Shields
 - Level 8.0 Invocations


You had 11 spell levels left.
You didn't know any spells.
Your spell library contained the following spells:

 Spells                   Type           Power        Failure   Level
 Animate Skeleton         Necr           0%           43%         1
 Apportation              Tloc           0%           43%         1
 Beastly Appendage        Tmut           0%           43%         1
 Corona                   Hex            0%           43%         1
 Magic Dart               Conj           0%           43%         1
 Summon Small Mammal      Summ           0%           43%         1
 Blink                    Tloc           N/A          56%         2
 Call Imp                 Summ           0%           56%         2
 Ensorcelled Hibernation  Hex/Ice        0%           56%         2
 Searing Ray              Conj           0%           56%         2
 Slow                     Hex            0%           56%         2
 Wereblood                Tmut           0%           56%         2
 Conjure Flame            Conj/Fire      0%           80%         3
 Dazzling Flash           Conj/Hex       0%           80%         3
 Mephitic Cloud           Conj/Pois/Air  0%           80%         3
 Spider Form              Tmut/Pois      0%           80%         3
 Fulminant Prism          Conj/Hex       0%           99%         4
 Ice Form                 Ice/Tmut       0%           99%         4
 Iskenderun's Mystic Bla  Conj/Tloc      0%           99%         4
 Blade Hands              Tmut           0%           100%        5
 Borgnjor's Vile Clutch   Necr/Erth      0%           100%        5
 Silence                  Hex/Air        0%           100%        5
 Shadow Creatures         Summ           N/A          100%        6


Dungeon Overview and Level Annotations

Branches:
Dungeon (11/15)            Temple (1/1) D:4            Lair (3/6) D:11
 Shoals (0/4) Lair:2          Orc (1/2) D:9
  Snake: Lair:2-4    Spider: Lair:2-4

Altars:
Ashenzari
Cheibriados
Dithmenos
Elyvilon
Fedhas
Gozag
Hepliaklqana
Kikubaaqudgha
Makhleb
Nemelex Xobeh
Okawaru
Qazlal
Ru
Sif Muna
Trog
Uskayaw
Vehumet
Wu Jian
Xom
Yredelemnul
Zin
The Shining One

Annotations:
Lair:3 Rupert


Innate Abilities, Weirdness & Mutations

You reflexively headbutt those who attack you in melee.
You have a pair of horns on your head.


Message History

Rupert hits you with a +2 great mace of holy wrath!! x2
Rupert barely misses you.
You can move again.
You flatten Rupert like a pancake!!! You headbutt Rupert!
Rupert is moderately wounded.
Rupert hits you with a +2 great mace of holy wrath!
You can now deal lightning-fast blows.
Rupert hits you with a +2 great mace of holy wrath!!
* * * LOW HITPOINT WARNING * * *
Rupert misses you.
You barely miss Rupert. You headbutt Rupert.
Rupert is moderately wounded.
You hit Rupert.
Rupert is moderately wounded.
Rupert hits you with a +2 great mace of holy wrath!!
* * * LOW HITPOINT WARNING * * *
It was a potion of attraction.
You feel attractive to monsters.
Rupert hits you with a +2 great mace of holy wrath!!
You die...

########.## #
#..##.....###
#...#.....P##
#..........## .
#...........† ..
######.##....#...# ...
##..#...###.......# ....
#........##.......# .....
#.@.....###........
.#....#.@...#...#...#.###
........#...###......##
.......#†##.# #.....P.#.
..#......P..# .........
#.......... ....#....
##........... ........
.#.......... ##..##..
.P... .........#..(....


You could see Rupert (berserk).

Vanquished Creatures
  A boulder beetle (Lair:2)
  4 hydras
  2 two-headed ogres
  Urug (D:11)
  Nergalle (Lair:3)
  Pikel (D:7)
  An ugly thing (D:10)
  An oklob plant (Lair:1)
  3 black mambas
  3 merfolk sirens (Lair:2)
  4 elephants (Lair:2)
  4 cane toads
  3 komodo dragons
  2 trolls
  A merfolk (Lair:2)
  3 wyverns
  2 wraiths (D:11)
  Grum (D:8)
  3 yaks (Lair:2)
  Menkaure (D:7)
  A warg (Orc:1)
  An acid dragon (D:11)
  6 water moccasins
  A swamp drake (D:9)
  3 ice beasts
  5 orc warriors
  7 ogres
  4 phantoms
  A necrophage (D:9)
  3 sky beasts
  A black bear (D:7)
  2 wolves (D:8)
  2 centaurs
  A big kobold (D:8)
  16 bullfrogs
  A water moccasin zombie (D:6)
  2 scorpions
  2 howler monkeys
  7 hounds
  2 quasits
  2 centaur zombies
  7 orc priests
  A bullfrog zombie (D:7)
  3 jellies
  Crazy Yiuf (D:3)
  A bullfrog skeleton (D:9)
  3 centaur skeletons
  2 iguanas (D:4)
  11 orc wizards
  9 worker ants
  3 hound skeletons
  A howler monkey zombie (D:8)
  A worker ant zombie (D:8)
  12 adders
  3 shadow imps
  An ufetubus (D:9)
  2 adder skeletons
  2 adder zombies (D:8)
  3 worms
  2 dart slugs (D:1)
  3 leopard geckos
  46 orcs
  11 bats
  5 giant cockroaches
  8 goblins
  13 hobgoblins
  5 jackals
  2 quokkas
  2 ball pythons (D:2)
  4 frilled lizards
  17 kobolds
  8 rats
304 creatures vanquished.

Vanquished Creatures (others)
  5 fungi
  3 plants
8 creatures vanquished.

Grand Total: 312 creatures vanquished

Notes
Turn   | Place    | Note
-------+----------+-------------------------------------------
     0 | D:1      | Dadi the Minotaur Fighter began the quest for the Orb.
     0 | D:1      | Reached XP level 1. HP: 19/19 MP: 0/0
    73 | D:1      | Reached skill level 3 in Maces & Flails
    76 | D:1      | Reached XP level 2. HP: 24/27 MP: 1/1
   312 | D:1      | Reached skill level 4 in Maces & Flails
   388 | D:1      | Reached XP level 3. HP: 31/33 MP: 2/2
  1653 | D:2      | Reached skill level 5 in Maces & Flails
  1772 | D:2      | Found a hide-covered altar of Uskayaw.
  1775 | D:2      | Found a bloodstained altar of Trog.
  1777 | D:2      | Found an ancient bone altar of Kikubaaqudgha.
  1777 | D:2      | Found a shimmering altar of Xom.
  1788 | D:2      | Reached XP level 4. HP: 35/40 MP: 3/3
  2212 | D:3      | Reached skill level 6 in Maces & Flails
  2369 | D:3      | Found an ornate altar of the Wu Jian Council.
  2477 | D:3      | Reached XP level 5. HP: 43/46 MP: 4/4
  2678 | D:3      | Found a runed translucent door.
  2679 | D:3      | Noticed Crazy Yiuf
  2686 | D:3      | Killed Crazy Yiuf
  2820 | D:4      | Reached skill level 7 in Maces & Flails
  3028 | D:4      | Reached XP level 6. HP: 52/52 MP: 5/5
  3037 | D:4      | Reached skill level 8 in Maces & Flails
  3105 | D:4      | Found a white marble altar of Elyvilon.
  3305 | D:4      | Found an opulent altar of Gozag.
  3384 | D:4      | Found a sparkling altar of Nemelex Xobeh.
  3439 | D:4      | Found a staircase to the Ecumenical Temple.
  3450 | Temple   | Entered the Ecumenical Temple
  3511 | Temple   | Became a worshipper of Warmaster Okawaru
  3584 | D:4      | Reached skill level 9 in Maces & Flails
  3584 | D:4      | Reached XP level 7. HP: 58/58 MP: 6/6
  3726 | D:5      | Entered Level 5 of the Dungeon
  3863 | D:5      | Reached skill level 10 in Maces & Flails
  4007 | D:5      | Reached * piety under Okawaru
  4280 | D:5      | Found a shadowy altar of Dithmenos.
  4487 | D:6      | Reached skill level 11 in Maces & Flails
  4492 | D:6      | Reached XP level 8. HP: 65/66 MP: 7/7
  4554 | D:6      | Found a stormy altar of Qazlal.
  4811 | D:6      | Found a basalt altar of Yredelemnul.
  4824 | D:6      | Reached ** piety under Okawaru
  4825 | D:6      | Reached skill level 12 in Maces & Flails
  5341 | D:7      | Noticed Menkaure
  5469 | D:7      | Reached skill level 13 in Maces & Flails
  5471 | D:7      | Killed Menkaure
  5646 | D:7      | Reached *** piety under Okawaru
  5725 | D:7      | Reached XP level 9. HP: 61/71 MP: 8/8
  5725 | D:7      | Noticed Pikel
  5744 | D:7      | Killed Pikel
  5745 | D:7      | Reached skill level 14 in Maces & Flails
  5745 | D:7      | Reached skill level 5 in Fighting
  6193 | D:7      | Got a silken robe
  6204 | D:7      | Identified the +3 robe of Infinity {rElec rCorr Int+7
                  | Stlth-} (You found it on level 7 of the Dungeon)
  6210 | D:7      | Got a faintly glowing chain mail
  6221 | D:7      | Identified the +5 chain mail "Kulituc" {*Contam Harm rC-
                  | Str+4} (You found it on level 7 of the Dungeon)
  6227 | D:7      | Got a vibrating platinum ring
  6228 | D:7      | Identified the ring of Muawif {*Contam rC++ Stlth-} (You
                  | found it on level 7 of the Dungeon)
  6487 | D:8      | Reached **** piety under Okawaru
  7042 | D:8      | Noticed Grum
  7083 | D:8      | Killed Grum
  7443 | D:8      | Reached skill level 10 in Fighting
  7443 | D:8      | Reached XP level 10. HP: 82/93 MP: 9/9
  7447 | D:8      | Reached ***** piety under Okawaru
  8032 | D:9      | Received a gift from Okawaru
  8035 | D:9      | Got a twisted great mace {god gift}
  8041 | D:9      | Identified the +6 great mace "Oluisiuw" {vorpal, rF+ Str+4
                  | Int-5 Dex+3} (Okawaru gifted it to you on level 9 of the
                  | Dungeon)
  8266 | D:9      | Reached skill level 5 in Armour
  8266 | D:9      | Reached skill level 1 in Dodging
  8498 | D:9      | Noticed a two-headed ogre
  8503 | D:9      | Killed a two-headed ogre
  8636 | D:9      | Found a staircase to the Orcish Mines.
  9336 | Orc:1    | Entered Level 1 of the Orcish Mines
  9383 | D:10     | Entered Level 10 of the Dungeon
  9398 | D:10     | Reached skill level 5 in Dodging
  9468 | D:10     | Noticed a brown ugly thing
  9476 | D:10     | Killed a brown ugly thing
  9477 | D:10     | Reached skill level 1 in Invocations
  9510 | D:10     | Noticed a four-headed hydra
  9515 | D:10     | Killed a four-headed hydra
  9673 | D:10     | Noticed a two-headed ogre
  9680 | D:10     | Killed a two-headed ogre
  9681 | D:10     | Reached XP level 11. HP: 55/99 MP: 10/12
  9849 | D:10     | Found an ancient bone altar of Kikubaaqudgha.
 10233 | D:11     | Found a staircase to the Lair.
 10401 | D:11     | Noticed Urug
 10427 | Lair:1   | Entered Level 1 of the Lair of Beasts
 10738 | D:11     | Killed Urug
 10738 | D:11     | Received a gift from Okawaru
 11002 | Lair:1   | Noticed a seven-headed hydra
 11007 | Lair:1   | Killed a seven-headed hydra
 11298 | Lair:1   | Reached skill level 5 in Invocations
 11660 | Lair:1   | Noticed an oklob plant
 11670 | Lair:1   | Reached ****** piety under Okawaru
 11670 | Lair:1   | Received a gift from Okawaru
 11697 | Lair:1   | Got a pair of smoking gloves {god gift}
 11703 | Lair:1   | Identified the -5 pair of gloves of Somewhere Else {rC+ rN+
                  | rCorr Str+4} (Okawaru gifted it to you on level 1 of the
                  | Lair of Beasts)
 11718 | Lair:1   | Killed an oklob plant
 12375 | Lair:2   | Reached skill level 10 in Armour
 12977 | Lair:2   | Reached XP level 12. HP: 88/106 MP: 15/15
 13176 | Lair:2   | Noticed a boulder beetle
 13190 | Lair:2   | Killed a boulder beetle
 13487 | Lair:2   | Got a fine plate armour
 13488 | Lair:2   | Identified the cursed +0 plate armour of Wrong Decisions
                  | {-Cast Int+3} (You found it on level 2 of the Lair of
                  | Beasts)
 13611 | Lair:2   | Found a staircase to the Shoals.
 14072 | Lair:3   | Noticed Nergalle
 14075 | Lair:3   | Noticed a four-headed hydra
 14084 | Lair:3   | Killed Nergalle
 14084 | Lair:3   | Received a gift from Okawaru
 14085 | Lair:3   | Reached skill level 10 in Dodging
 14088 | Lair:3   | Killed a four-headed hydra
 14093 | Lair:3   | Got a heavily runed chain mail {god gift}
 14094 | Lair:3   | Identified the +8 chain mail "Pado" {*Drain Regen+ Str+4}
                  | (Okawaru gifted it to you on level 3 of the Lair of Beasts)
 14434 | Lair:3   | Noticed a four-headed hydra
 14437 | Lair:3   | Killed a four-headed hydra
 14495 | Lair:3   | Noticed Rupert
 14501 | Lair:3   | Paralysed by Rupert for 7 turns
 14512 | Lair:3   | Demolished by Rupert

Illustrated notes

Levels and vault maps discovered:
D:1:      onia_arrival_pentagram, layout_basic, minmay_quantized
D:2:      kennysheep_six_static_rooms, layout_rooms, grunt_temple_overflow_open,
          kennysheep_small_spiral
D:3:      layout_rooms, nicolae_overflow_crystal_walls, uniq_crazy_yiuf_cottage
D:4:      layout_basic, lemuel_round_altar, overflow_temple_1_default,
          minmay_temple_entry_junction, nemelex_diamond_rough_becter
D:5:      layout_basic, grunt_dithmenos_shadows
D:6:      layout_loops_ring, lemuel_crystal_altar, grunt_qazlal_clouds
D:7:      layout_cave_pools, corexii_checkpoint_a, uniq_pikel, uniq_menkaure
D:8:      layout_loops_ring, minmay_fountain_box, minmay_misc_feat_rows,
          uniq_grum
D:9:      layout_loops_ring, erik_orc_1
D:10:     layout_cave_pools, basic_altar, serial_rivers,
          chequers_serial_rivers_small_3, chequers_serial_rivers_marsh,
          chequers_serial_rivers_small_b, chequers_serial_rivers_micro_a
D:11:     cheibrodos_fzero, layout_cave_pools, lair_entry_dummy, uniq_urug
Temple:   dshaligram_water_room_temple
Lair:1:   layout_loops_ring, minmay_lair_oklob_chamber
Lair:2:   layout_regular_city, elwin_shoals_entry_stream
Lair:3:   layout_misc_corridors, uniq_nergalle, uniq_rupert
Orc:1:    layout_diamond_mine, serial_shops, nicolae_shop_crystal,
          nicolae_orc_bridge_out

Skill      XL: |  1  2  3  4  5  6  7  8  9 10 11 12 |
---------------+-------------------------------------+-----
Maces & Flails | 3 4 5 6 7 9 11 13 14 | 14.0
Fighting       | 10 | 10.7
Armour         | 7 10 11 | 11.0
Shields        | 4 |  4.9
Dodging        | 6 9 10 | 10.0
Invocations    | 3 6 8 |  8.0

Action                   |  1- 3 |  4- 6 |  7- 9 | 10-12 || total
-------------------------+-------+-------+-------+-------++-------
Melee: Flail             |   139 |    49 |   177 |    29 ||   394
       Headbutt          |    16 |    20 |    65 |    80 ||   181
       Mace              |       |    55 |   159 |       ||   214
       Great mace        |       |       |       |   275 ||   275
Invok: Finesse           |       |       |       |     3 ||     3
       Heroism           |       |       |       |     1 ||     1
  Use: Scroll            |       |       |     9 |     5 ||    14
       Potion            |       |       |       |     1 ||     1
 Stab: Confused          |       |       |       |     1 ||     1
Armor: Scale mail        |    79 |    24 |    72 |       ||   175
       Robe              |       |       |    39 |    68 ||   107
Dodge: Dodged            |    38 |    21 |    84 |   185 ||   328
Block: Kite shield       |    82 |    34 |   154 |    10 ||   280
